Map: New Gettysburg LE

Players

Wraith - Winner!

  • Race: Zerg Zerg
  • League: Gold
  • Spawn Location: 7:00

Fropez

  • Race: Protoss Protoss
  • League: Gold
  • Spawn Location: 5:00

VOD

Have the link to the VOD?

Description

Time

  • Played on: Nov. 6, 2016, 10:52 a.m.
  • Length: 14:30
Show
View Real Time Build Order
Export as new Build Order

Wraith Zerg - Winner!

Build Orders: Hatch First 

Get SALT Encoding   

  12  0:01  Drone  
  13  0:14  Overlord  
  13  0:18  Drone  
  14  0:32  Drone  
  14  0:33  Drone  
  16  0:37  Drone  
  17  0:54  Hatchery  
  16  1:00  Extractor  
  15  1:06  Drone  
  16  1:16  Spawning Pool  
  15  1:20  Drone  
  15  1:25  Drone  
  17  1:32  Drone  
  18  1:41  Overlord  
  19  1:47  Drone  
  19  2:06  Queen  
  21  2:12  Drone  
  21  2:14  Drone x2  
  24  2:18  Drone  
  25  2:34  Queen  
  27  2:38  Drone  
  27  2:42  Queen  
  29  2:50  Drone  
  30  2:57  Overlord  
  30  3:04  Zergling x6  
  33  3:16  Spore Crawler  
  32  3:21  Spore Crawler  
  33  3:33  Drone x3  
  36  3:37  Extractor  
  35  3:48  Drone x2  
  37  3:50  Lair  
  37  3:54  Roach Warren  
  36  3:56  Metabolic Boost  
  36  3:59  Drone x3  
  39  4:14  Drone  
  40  4:30  Drone x3  
  41  4:42  Hatchery  
  41  4:44  Drone x4  
  44  4:47  Extractor, Drone  
  44  4:48  Extractor  
  44  4:51  Overlord  
  43  4:53  Overlord  
  43  5:12  Overlord  
  43  5:13  Pneumatized Carapace  
  43  5:16  Drone x5  
  46  5:43  Glial Reconstitution  
  46  5:45  Overlord  
  48  5:50  Roach x9  
  48  5:51  Roach x2  
  68  5:58  Overlord x2  
  68  6:01  Overlord  
  68  6:05  Drone  
  68  6:07  Drone  
  68  6:09  Queen  
  72  6:32  Overlord  
  72  6:36  Drone  
  72  6:37  Drone x8  
  72  6:39  Ravager x5  
  87  6:40  Ravager x2  
  88  6:52  Overlord  
  88  6:53  Overlord  
  88  6:55  Evolution Chamber x2, Overseer x2  
  88  6:58  Overlord  
  86  7:01  Zergling x4  
  86  7:02  Zergling x2  
  86  7:06  Drone x2  
  89  7:22  Roach x6  
  97  7:40  Zerg Missile Weapons Level 1, Zerg Ground Armor Level 1  
  96  7:47  Extractor, Drone x3  
  96  7:48  Drone x2  
  96  7:49  Extractor  
  99  7:59  Ravager x4  
  99  8:00  Ravager  
  99  8:01  Roach x4  
  99  8:02  Roach x2  
  116  8:26  Drone x2  
  119  8:27  Drone  
  119  8:28  Drone x2  
  119  8:29  Drone  
  119  8:34  Hydralisk Den  
  121  8:39  Drone x3  
  121  8:40  Drone x2  
  126  8:51  Hatchery  
  120  9:26  Spire  
  119  9:34  Drone x3  
  119  9:37  Infestation Pit  
  121  9:39  Overlord, Spore Crawler  
  121  9:40  Overlord x5  
  121  9:43  Overseer  
  121  9:45  Zerg Ground Armor Level 2, Zerg Missile Weapons Level 2  
  120  10:08  Ravager  
  120  10:09  Ravager x5  
  120  10:10  Roach  
  128  10:17  Drone x3  
  107  10:48  Zergling x8  
  107  10:49  Roach x5  
  119  10:54  Muscular Augments  
  119  10:55  Hive  
  119  10:56  Overlord x4  
  119  10:57  Overseer, Overlord  
  119  10:58  Overseer x2  
  119  11:20  Drone x3  
  119  11:21  Queen  
  124  11:25  Drone  
  124  11:26  Drone x4  
  129  11:37  Extractor  
  129  11:39  Extractor  
  127  11:52  Hydralisk x6  
  127  11:53  Hydralisk x6  
  149  11:54  Hatchery  
  150  12:08  Drone  
  150  12:09  Drone x2  
  153  12:17  Hatchery  
  153  12:18  Zergling x4  
  153  12:19  Zergling x12  
  153  12:22  Overlord  
  160  12:23  Overlord  
  160  12:29  Greater Spire  
  160  12:31  Spire  
  160  12:33  Zerg Melee Weapons Level 1  
  160  12:35  Adrenal Glands  
  159  12:41  Ultralisk Cavern  
  156  12:46  Lurker Den  
  156  12:47  Drone x2  
  156  12:48  Drone x2  
  156  12:49  Spine Crawler  
  156  12:50  Spine Crawler  
  158  12:51  Spine Crawler  
  158  12:52  Drone  
  74  13:28  Hydralisk  
  74  13:29  Hydralisk x5, Roach  
  74  13:30  Hydralisk x3, Roach x5  
  74  13:31  Roach x2  
  108  13:45  Drone x2  
  110  13:50  Hydralisk x4  
  110  13:51  Hydralisk x4, Roach x5  
  110  13:52  Roach x2  
  110  13:55  Ravager x2  
  141  14:01  Extractor  
  141  14:02  Extractor  
Show
View Real Time Build Order
Export as new Build Order

Fropez Protoss 

Build Orders:  

Get SALT Encoding   

  12  0:00  Probe (Chrono Boost)  
  13  0:11  Probe (Chrono Boost)  
  14  0:18  Pylon  
  14  0:29  Probe (Chrono Boost)  
  15  0:37  Gateway  
  15  0:39  Probe (Chrono Boost)  
  16  0:45  Assimilator  
  16  0:50  Probe (Chrono Boost)  
  17  1:01  Probe (Chrono Boost)  
  18  1:09  Pylon  
  18  1:11  Probe (Chrono Boost)  
  18  1:16  Gateway  
  19  1:31  Probe (Chrono Boost), Cybernetics Core  
  20  1:38  Assimilator  
  20  1:42  Probe (Chrono Boost)  
  21  1:52  Probe (Chrono Boost)  
  22  2:07  Adept  
  22  2:08  Adept  
  26  2:11  Mothership Core (Chrono Boost)  
  28  2:20  Warp Gate (Chrono Boost)  
  28  2:29  Probe (Chrono Boost)  
  28  2:34  Adept  
  30  2:40  Probe (Chrono Boost)  
  31  2:45  Pylon  
  31  3:03  Adept  
  31  3:04  Probe (Chrono Boost)  
  34  3:16  Nexus  
  34  3:30  Probe (Chrono Boost)  
  33  3:42  Pylon  
  33  3:48  Gateway  
  33  3:51  Gateway  
  33  3:52  Gateway  
  33  3:54  Gateway  
  33  3:55  Probe (Chrono Boost)  
  34  4:20  Probe  
  35  4:32  Probe x2  
  35  4:37  Twilight Council  
  35  4:42  Probe  
  35  4:43  Pylon  
  35  4:44  Probe  
  37  4:53  Probe  
  37  4:55  Assimilator  
  38  5:04  Probe  
  38  5:05  Probe  
  40  5:07  Robotics Facility  
  40  5:11  Stalker  
  40  5:12  Stalker  
  40  5:13  Stalker  
  46  5:21  Stalker x2  
  50  5:25  Probe  
  50  5:26  Resonating Glaives (Chrono Boost), Probe  
  52  5:38  Probe  
  52  5:39  Probe  
  54  5:49  Probe  
  54  5:53  Warp Prism  
  57  6:00  Probe  
  58  6:05  Adept x5  
  58  6:06  Adept  
  70  6:15  Pylon  
  70  6:18  Pylon  
  70  6:23  Assimilator  
  70  6:31  Probe  
  70  6:33  Probe  
  72  6:42  Probe  
  72  6:45  Probe  
  72  6:46  Pylon  
  74  6:47  Pylon  
  74  6:48  Immortal  
  74  6:52  Probe  
  79  7:04  Adept x4  
  79  7:05  Adept x2  
  85  7:36  Adept x5  
  85  7:37  Adept  
  95  7:40  Immortal  
  95  7:50  Forge  
  95  7:54  Templar Archives  
  93  8:09  Pylon  
  93  8:23  Immortal  
  97  8:28  Pylon  
  97  8:30  Pylon  
  97  8:32  Stalker x2  
  97  8:33  Probe  
  102  8:38  High Templar x4  
  100  9:12  Archon x2  
  100  9:15  High Templar  
  100  9:16  High Templar  
  98  9:20  Archon  
  98  9:43  Nexus  
  98  9:44  Pylon  
  98  9:47  Pylon  
  98  9:54  Immortal  
  98  9:55  Protoss Ground Weapons Level 1 (Chrono Boost)  
  102  10:00  Photon Cannon  
  102  10:07  Adept x6  
  104  10:11  Photon Cannon  
  104  10:12  Probe  
  104  10:13  Probe  
  116  10:22  Photon Cannon  
  108  10:31  Photon Cannon  
  94  10:37  Pylon  
  94  10:40  Pylon, High Templar  
  94  10:41  High Templar x2  
  84  10:51  Zealot  
  84  10:52  Zealot x2  
  90  11:02  Gateway  
  90  11:04  Gateway  
  90  11:18  Charge (Chrono Boost)  
  90  11:21  Zealot x2  
  90  11:22  Zealot x3  
  90  11:23  Zealot  
  102  11:27  Immortal  
  106  11:32  Pylon  
  106  11:47  Archon  
  106  11:55  Protoss Ground Weapons Level 2  
  106  11:59  Zealot x2  
  106  12:00  Zealot x3  
  106  12:01  Zealot  
  118  12:08  Pylon, Immortal  
  122  12:10  Probe  
  123  12:30  Pylon  
  123  12:34  Pylon  
  123  12:36  Pylon  
  123  12:39  Nexus  
  121  12:47  Zealot  
  121  12:48  Zealot x7  
  116  13:16  Zealot x2  
  116  13:17  Zealot x5  
  112  13:53  Nexus  
  112  13:55  Probe  
  112  13:57  Probe  
  110  14:14  Assimilator  
  84  14:19  Assimilator  
Tags
 
League
GoldGold
Matchup
PvZ
Replay Pack
All Mines
Spawn Locations
Close Positions
Add a new tag
Caveats
  • Supply blocks, unpowered buildings, or Contaminate may cause inaccurate times.
  • Supply counts are checked every 10 seconds.